 Dungeon Crawl Stone Soup version 0.31-a0-237-g2d982f9f85 (webtiles) character file.

Game seed: 6982538451054814489

58 qw the Shooter (level 3, -11/29 HPs)
             Began as a Minotaur Hexslinger on July 11, 2023.
             Killed by divine providence
             ... invoked by an orc priest
              (15 damage)
             ... on level 3 of the Dungeon.
             The game lasted 00:00:33 (1253 turns).

qw the Shooter (Minotaur Hexslinger)                Turns: 1253, Time: 00:00:34

Health: -11/29     AC:  4    Str: 12    XL:     3   Next: 75%
Magic:  3/3        EV: 12    Int: 10    God:
Gold:   59         SH:  0    Dex: 14    Spells: 3/4 levels left

rFire   . . .        Y - +2 sling
rCold   . . .        (no shield)
rNeg    . . .        b - +0 leather armour
rPois   .            (helmet restricted)
rElec   .            (no cloak)
rCorr   .            h - +0 pair of gloves
SInv    .            (no boots)
Will    .....        (no amulet)
Stlth   +            (no ring)
HPRegen 0.24/turn    (no ring)
MPRegen 0.08/turn

%: no passive effects
@: no status effects
A: horns 2, retaliatory headbutt
a: no special abilities


You were on level 3 of the Dungeon.
You visited 1 branch of the dungeon, and saw 3 of its levels.

You collected 59 gold pieces.


Innate Abilities, Weirdness & Mutations

You have a pair of horns on your head.
You reflexively headbutt those who attack you in melee.


   Skills:
 - Level 2.0 Fighting
 + Level 4.3 Ranged Weapons
 - Level 2.1 Dodging
 - Level 1.0 Spellcasting
 - Level 2.0 Hexes


You had 3 spell levels left.
You knew the following spells:

 Your Spells              Type           Power      Damage    Failure   Level
a - Slow                  Hex            16%        N/A       19%         1

Your spell library contained the following spells:

 Spells                   Type           Power      Damage    Failure   Level
 Inner Flame              Hex/Fire       2%         N/A       65%         3
 Portal Projectile        Hex/Tloc       4%         N/A       65%         3
 Cause Fear               Hex            2%         N/A       88%         4

Inventory:

Hand Weapons
 Y - a +2 sling (weapon)
Armour
 b - a +0 leather armour (worn)
 h - a +0 pair of gloves (worn)
Scrolls
 a - 6 scrolls of identify
Potions
 c - 2 potions of ambrosia {unknown}
 d - a potion of might {unknown}
 e - a potion of brilliance {unknown}
 f - a potion of mutation {unknown}
 i - 2 potions of curing {unknown}
 j - a potion of heal wounds {unknown}

Dungeon Overview and Level Annotations

Branches:
Dungeon (3/15)

Altars:


Message History

The sling bullet hits the orc but does no damage.
You hear an angry hiss.
You shoot a sling bullet. The sling bullet hits the orc.
The orc is moderately wounded.
You shoot a sling bullet.
The sling bullet barely misses the orc. x2
The orc closely misses you. You furiously retaliate!
You headbutt the orc. You shoot a sling bullet. The sling bullet hits the orc.
The orc is almost dead.
The orc hits you with a +0 mace. The orc hits you with a +0 club.
The endoplasm misses you. You furiously retaliate!
You headbutt the endoplasm.
You kill the endoplasm!
You shoot a sling bullet.
The sling bullet hits the orc but does no damage.
The orc is almost dead.
The orc hits you with a +0 club. The orc closely misses you.
You shoot a sling bullet.
The sling bullet hits the orc but does no damage.
The orc is almost dead.
The orc hits you but does no damage.
An orc comes into view. It is wielding a +0 dagger.
The orc hits you with a +0 short sword. The orc hits you but does no damage.
The orc priest begins to cast a cantrip, but forgets the words!
The orc hits you with a +0 short sword. The orc hits you but does no damage.
You shoot a sling bullet. The orc shouts!
The sling bullet hits the orc but does no damage.
The orc is almost dead.
You hear a shout!
The orc hits you with a +0 mace. The orc hits you with a +0 club.
The orc barely misses you.
You shoot a sling bullet.
The sling bullet closely misses the orc.
The orc priest misses you. The orc closely misses you.
The orc barely misses you. The orc misses you.
You shoot a sling bullet.
The sling bullet closely misses the orc.
The orc priest mumbles some strange prayers to Beogh against you.
Beogh smites you!
Ouch! That really hurt!
You die...

###############.####
###..................#
.........###.........
#.......##.........#
#.......##.........# .
#..........##..#.###
...##........####.##.###
......oo....####.<#.....
###o.o@..#####..##.....
......o##...##..###...>.
.####..##.#....####.....
#..........###......
..#.#..#............ #.#
#............... ..
................. ...
##...............
#.>.............


You could see an orc priest and 4 orcs.

Vanquished Creatures
  An adder (D:3)
  A dart slug (D:3)
  6 ball pythons (D:1)
  3 endoplasms
  3 giant cockroaches
  2 goblins (D:1)
  2 hobgoblins (D:1)
  6 jackals
  6 kobolds
  2 quokkas
  2 bats
  4 frilled lizards
  4 rats
42 creatures vanquished.

Notes
Turn   | Place    | Note
-------+----------+-------------------------------------------
     0 | D:1      | qw the Minotaur Hexslinger began the quest for the Orb.
     0 | D:1      | Reached XP level 1. HP: 16/16 MP: 1/1
     0 | D:1      | 0 ||| qw: Version: 0.3-a-52-g30416fa
     0 | D:1      | 0 ||| qw: Game counter: 5651
     0 | D:1      | 0 ||| qw: Melee chars always use a shield: true
     0 | D:1      | 0 ||| qw: God list: Okawaru
     0 | D:1      | 0 ||| qw: Allow faded altars: false
     0 | D:1      | 0 ||| qw: Do Orc after clearing Dungeon:15 true
     0 | D:1      | 0 ||| qw: Do second Lair branch before Depths: true
     0 | D:1      | 0 ||| qw: Lair rune preference: random
     0 | D:1      | 0 ||| qw: Goals: Normal
     0 | D:1      | 0 ||| PLANNING D:1-11
   124 | D:1      | Reached skill level 3 in Ranged Weapons
   144 | D:1      | Reached XP level 2. HP: 23/23 MP: 2/2
   443 | D:1      | Reached XP level 3. HP: 29/29 MP: 3/3
   561 | D:1      | 561 ||| READING 2 scrolls labelled IDUGOU ISAICW.
   562 | D:1      | 562 ||| READING scroll labelled GIYTTE QUCW.
   563 | D:1      | 563 ||| READING scroll labelled UFYLIN DADD.
   564 | D:1      | 564 ||| READING scroll labelled JIBRUFR FEBBO.
   565 | D:1      | 565 ||| DROPPING scroll of noise.
   566 | D:1      | 566 ||| DROPPING scroll of poison.
  1059 | D:2      | 1059 ||| UPGRADING to +0 leather armour.
  1069 | D:2      | 1069 ||| DROPPING +0 robe.
  1070 | D:2      | 1070 ||| UPGRADING to +0 pair of gloves.
  1075 | D:2      | 1075 ||| READING scroll labelled ODAJEY BYKACS.
  1079 | D:2      | 1079 ||| READING scroll labelled WYDABL BOMAZU.
  1112 | D:3      | Reached skill level 4 in Ranged Weapons
  1251 | D:3      | HP: 4/29 [orc/+0 club (5)]
  1253 | D:3      | Killed from afar by an orc priest

Levels and vault maps discovered:
D:1:      wander_arrival_estate, layout_basic, minmay_pentomino_q2
D:2:      layout_rooms
D:3:      layout_rooms, uniq_sigmund, uniq_robin

Skill      XL: |  1  2  3 |
---------------+----------+-----
Ranged Weapons | 3 4 |  4.3
Fighting       | 2 |  2.0
Dodging        | |  2.1
Spellcasting   | |  1.0
Hexes          | |  2.0

Action                     || total
---------------------------++-------
   Fire: Sling             ||   124
    Use: Scroll            ||     6
 Armour: Robe              ||     7
         Leather armour    ||     7
  Dodge: Dodged            ||    29

Table legend:
 A = Non-vault XP
 B = Vault XP
 C = Vault XP percentage of total XP
 D = Non-vault monster count
 E = Vault monster count
 F = Vault count percentage of total count
                 A         B        C        D         E       F
            +---------+---------+-------+---------+---------+-------
      Total |      82 |       1 |   1.2 |      41 |       1 |   2.4
            +---------+---------+-------+---------+---------+-------
        D:1 |      42 |       1 |   2.3 |      26 |       1 |   3.7
        D:2 |      18 |       0 |   0.0 |      11 |       0 |   0.0
        D:3 |      22 |       0 |   0.0 |       4 |       0 |   0.0
            +---------+---------+-------+---------+---------+-------
